Description

This is the mine drop variant of uThermal's 2 bases timing attack on 5 rax.

VOD

https://www.youtube.com/watch?v=9hb8GY0Kp8Y

Replay - Geralt v uwuThermal - Romanticide LE

Build Order

Get SALT Encoding   

  12  0:00  SCV  
  13  0:12  SCV  
  14  0:17  Supply Depot  
  14  0:24  SCV  
  15  0:38  SCV  
  15  0:39  Barracks  
  15  0:42  Refinery  
  16  0:50  SCV  
  17  1:02  SCV  
  18  1:14  SCV  
  19  1:27  Orbital Command, Reaper  
  20  1:39  Command Center  
  20  1:54  Supply Depot, SCV  
  20  1:59  Marine  
  22  2:06  SCV  
  23  2:11  Factory  
  23  2:20  Barracks Reactor, Bunker  
  23  2:23  SCV  
  24  2:31  Refinery  
  26  2:52  Orbital Command  
  26  2:55  Hellion  
  26  2:56  Starport  
  28  2:59  Marine x2  
  31  3:19  Factory Tech Lab  
  33  3:21  Marine  
  36  3:38  Marine x2, Widow Mine  
  41  3:41  Supply Depot  
  41  3:44  Medivac  
  45  3:57  Supply Depot, Marine  
  46  4:03  Marine, Widow Mine  
  50  4:10  Barracks x2  
  52  4:17  Marine x2  
  52  4:20  Supply Depot  
  54  4:30  Factory Tech Lab, Raven  Swap starport on tech lab
  58  4:34  Refinery  
  58  4:35  Engineering Bay  
  63  4:59  Factory Tech Lab  Swap rax on tech lab
  66  5:00  Terran Infantry Weapons Level 1  
  66  5:04  Marauder, Stimpack  
  69  5:18  Siege Tank  
  75  5:21  Refinery  
  75  5:23  Marauder  
  75  5:25  Starport Reactor  
  77  5:35  Barracks x2  
  77  5:41  Combat Shield  
  77  5:42  Marauder x2  
  83  5:52  Siege Tank  
  86  6:08  Medivac x2  
  91  6:16  Missile Turret  
  93  6:23  Marauder  
  97  6:26  Siege Tank  
  102  6:38  Medivac  
  105  6:44  Marauder  
  109  6:56  Marauder  
  109  6:57  Concussive Shells  
  109  6:58  Siege Tank  
  112  7:05  Marauder  
  114  7:14  Medivac  
  116  7:18  Marauder  
  116  7:22  Medivac  
  122  7:27  Marauder  
  124  7:34  Siege Tank, Command Center  
  123  7:44  Medivac  
  117  7:59  Medivac  
  119  8:17  Medivac  
  109  8:29  Medivac  
  100  8:45  Liberator x2  
  100  8:47  Orbital Command  
  93  9:01  Factory Reactor  
  107  9:07  Barracks Reactor  
  107  9:10  Terran Infantry Armor Level 1  
  116  9:28  Liberator  
  116  9:29  Missile Turret  
  118  9:36  Liberator  
  120  9:40  Widow Mine x2  
  132  9:47  Missile Turret  
Spawning Tool Build Advisor. Get it on Overwolf

Go to:

Details

  • Created by: Ajaxvitre
  • Published on: Oct 03, 2020
  • Modified on: Oct 03, 2020
  • Patch: 4.11.0
  • Difficulty: Medium
Show
View Real Time Build Order
Export as new Build Order

Comments (0)

There are no comments. Be the first!

Create an account to comment!